 Dungeon Crawl Stone Soup version 0.26-a0-737-g4e9f4955e2 (webtiles) character file.

Game seed: 7280150981261479017

1848 GordonOverkill the Cleaver (level 8, -4/67 HPs)
             Began as a Palentonga Chaos Knight on Nov 4, 2020.
             Was a Plaything of Xom.
             Slain by an orc warrior
             ... wielding a +0 short sword of chaos
              (10 damage)
             ... on level 5 of the Dungeon.
             The game lasted 00:12:16 (7606 turns).

GordonOverkill the Cleaver (PaCK)                   Turns: 7606, Time: 00:12:16

Health: -4/67      AC: 16    Str: 18    XL:     8   Next: 88%
Magic:  8/8        EV:  3    Int: 12    God:    Xom [.....*]
Gold:   458        SH:  0    Dex: 10    Spells: 7/7 levels left

rFire    + . .     SeeInvis +   m - +2 scythe (vorpal)
rCold    . . .     Faith    .   (shield currently unavailable)
rNeg     . . .     Spirit   .   g - +0 plate armour
rPois    .         Reflect  .   (helmet restricted)
rElec    .         Harm     .   l - +0 cloak
rCorr    .         Rampage  .   (no gloves)
MR       .....                  (no barding)
Stlth    ..........             (no amulet)
HPRegen  0.21/turn              i - ring of protection from fire
MPRegen  0.11/turn              (no ring)

@: mighty, curled up
A: large, horns 2, stinger 3, talons 1, rugged brown scales 3, see invisible,
deformed body, MP-powered wands, roll, armoured tail, reflexive curl
a: Rolling Charge, Renounce Religion


You were on level 5 of the Dungeon.
You worshipped Xom.
You were Xom's teddy bear.
You visited 1 branch of the dungeon, and saw 7 of its levels.
You also visited: Sewer and Ossuary.

You collected 458 gold pieces.

Inventory:

Hand Weapons
 d - a +3 whip
 e - a +0 hand axe
 m - a +2 vorpal scythe (weapon)
Missiles
 n - 3 poisoned darts (quivered)
 q - a throwing net
Armour
 g - a +0 plate armour (worn)
 l - a +0 cloak (worn)
 t - a +0 buckler
Jewellery
 i - a ring of protection from fire (left hand)
Wands
 k - a wand of paralysis (14)
 s - a wand of iceblast (7)
 u - a wand of enslavement (7)
Scrolls
 b - 6 scrolls of teleportation
 h - 3 scrolls of remove curse
 p - a scroll of amnesia
 v - a scroll of identify
Potions
 a - 2 potions of haste
 c - 4 potions of flight
 f - 6 potions of curing
 j - 5 potions of heal wounds
 o - a potion of stabbing
 r - 3 potions of brilliance


   Skills:
 - Level 3.0 Fighting
 + Level 10.5 Axes
 - Level 1.5 Armour
 - Level 0.7 Dodging
 + Level 2.0 Shields
 - Level 4.0 Evocations


You had 7 spell levels left.
You didn't know any spells.
Your spell library was empty.

Dungeon Overview and Level Annotations

Branches:
Dungeon (7/15)             Temple (0/1) D:5           Sewer (visited)
Ossuary (visited)

Altars:
Ashenzari
Fedhas
Hepliaklqana
Okawaru
Uskayaw


Innate Abilities, Weirdness & Mutations

You are completely covered in rugged brown scales. (AC +3, +7% HP)
You have supernaturally acute eyesight. (SInv)
Armour fits poorly on your strangely shaped body.
You can roll at foes to attack.
You have a long armoured tail.
You curl defensively after being hit.
You have a pair of horns on your head.
Your tail ends in a wickedly sharp and poisonous barb.
You have sharp toenails.
You expend magic power (3 MP) to strengthen your wands.


Message History

Your plate armour prevents you from hitting the orc warrior.
You claw the orc warrior.
The orc warrior is moderately wounded.
The orc warrior hits you with a +0 short sword of chaos!
* * * LOW HITPOINT WARNING * * *
The orc warrior freezes you.
* * * LOW HITPOINT WARNING * * *
The orc warrior hits you with a +0 short sword of chaos.
* * * LOW HITPOINT WARNING * * *
The orc warrior freezes you.
* * * LOW HITPOINT WARNING * * *
You barely miss the orc warrior.
The orc warrior is moderately wounded.
The orc warrior hits you with a +0 short sword of chaos!
* * * LOW HITPOINT WARNING * * *
The orc warrior burns you.
* * * LOW HITPOINT WARNING * * *
The orc warrior hits you with a +0 short sword of chaos!
You die...
Xom snickers!

##### ############ #≈≈≈
###..........# ###≈###
#....###.....# ### #...'_#
##.8..._...8..######<#####..≈###≈
.<.....).....+..@o.>....##..≈≈≈≈≈
##.8.......8..#####..##.##....###
##............# #..#...'....#
#..8.......8.## #..#..##....#
#............# #..#####....#
.........#...# ##<..........##
##..........## #...####......#
.........#### #...# #......#
.........# #...####......#


You could see an orc warrior.

Vanquished Creatures
  Grinder (D:5)
  Sigmund (D:5)
  A sky beast (D:5)
  A centaur (D:5)
  An ogre (D:4)
  3 big kobolds (Sewer)
  4 elf zombies
  5 elf skeletons (D:5)
  A scorpion (D:5)
  A human zombie (Ossuary)
  2 bullfrog skeletons
  An orc wizard (D:4)
  A centaur skeleton (D:5)
  2 iguanas
  2 human skeletons (D:5)
  2 worker ants (D:4)
  A hound zombie (D:5)
  5 adders
  A white imp (D:2)
  2 ufetubi (D:5)
  2 oozes (Sewer)
  2 worms
  A dart slug (D:3)
  2 leopard geckos (D:1)
  5 orcs
  7 ball pythons
  7 bats
  4 giant cockroaches
  9 goblins
  5 hobgoblins
  3 quokkas
  5 frilled lizards
  A goblin zombie (Ossuary)
  11 hobgoblin zombies (Ossuary)
  A jackal skeleton (D:5)
  14 kobolds
  4 kobold zombies (Ossuary)
  A leopard gecko skeleton (D:5)
  An orc skeleton (D:5)
  11 orc zombies
  10 rats
  A rat zombie (Ossuary)
145 creatures vanquished.

Vanquished Creatures (others)
  A centaur zombie (Ossuary)
  A human zombie (Ossuary)
  2 mummies (Ossuary)
  A shadow imp (D:5)
  An adder zombie (Ossuary)
  2 kobold zombies (Ossuary)
  2 rat zombies (Ossuary)
  7 plants
17 creatures vanquished.

Grand Total: 162 creatures vanquished

Notes
Turn   | Place    | Note
-------+----------+-------------------------------------------
     0 | D:1      | GordonOverkill the Palentonga Chaos Knight began the quest
                  | for the Orb.
     0 | D:1      | Reached XP level 1. HP: 20/20 MP: 1/1
   246 | D:1      | XOM: silly message
   508 | D:1      | Reached XP level 2. HP: 26/27 MP: 2/2
   560 | D:1      | XOM: silly message
  1071 | D:2      | Reached skill level 4 in Axes
  1076 | D:2      | Reached XP level 3. HP: 33/33 MP: 3/3
  1227 | D:2      | Found a blossoming altar of Fedhas.
  1641 | D:2      | Found a hazy altar of Hepliaklqana.
  1657 | D:2      | XOM: butterfly on damage
  1834 | D:2      | XOM: silly message
  2226 | D:3      | XOM: smoke on damage
  2231 | D:3      | Reached skill level 5 in Axes
  2231 | D:3      | Reached XP level 4. HP: 31/40 MP: 4/4
  2398 | D:3      | XOM: cloud trail
  2445 | D:3      | Found an iron altar of Okawaru.
  2528 | D:3      | XOM: divination: detect creatures
  2547 | D:3      | XOM: silly message
  3131 | D:3      | Reached XP level 5. HP: 42/48 MP: 5/5
  3174 | D:3      | XOM: god gift: scroll labeled EHITZIUGIT {god gift}
  3384 | D:4      | Noticed an ogre
  3400 | D:4      | XOM: noise
  3703 | D:4      | Killed an ogre
  3703 | D:4      | Reached skill level 6 in Axes
  3892 | D:4      | XOM is BORED!
  3892 | D:4      | XOM: summons 3 hostile demons
  3893 | D:4      | Noticed a neqoxec
  4078 | D:4      | XOM: 1-stop teleportation journey
  4079 | D:4      | XOM: stat loss: -1 Str (15/16)
  4079 | D:4      | XOM: smoke on damage
  4083 | D:4      | Reached XP level 6. HP: 40/54 MP: 6/6
  4096 | D:4      | Reached skill level 7 in Axes
  4247 | D:4      | You fall into a shaft and drop 3 floors!
  4263 | D:6      | Noticed an orc warrior
  4264 | D:6      | XOM: chaos upgrade
  4274 | D:6      | Found a glowing drain.
  4283 | Sewer    | Entered a sewer
  4403 | Sewer    | XOM: 1-stop teleportation journey
  4408 | Sewer    | XOM: silly message
  4435 | Sewer    | Reached skill level 1 in Evocations
  4704 | Sewer    | XOM: god gift: scroll of amnesia
  4866 | Sewer    | Gained mutation: You curl defensively after being hit.
                  | [Palentonga growth]
  4866 | Sewer    | Reached XP level 7. HP: 49/60 MP: 7/7
  5037 | D:6      | XOM: noise
  5040 | D:5      | Entered Level 5 of the Dungeon
  5047 | D:5      | Found a hide-covered altar of Uskayaw.
  5296 | D:5      | XOM: summons 1 hostile shadow creature
  5323 | D:5      | Noticed Grinder
  5323 | D:5      | Paralysed by Grinder for 2 turns
  5334 | D:5      | Killed Grinder
  5334 | D:5      | Reached skill level 8 in Axes
  5485 | D:5      | Noticed Sigmund
  5494 | D:5      | Killed Sigmund
  5494 | D:5      | Reached XP level 8. HP: 48/67 MP: 8/8
  5561 | D:5      | Reached skill level 9 in Axes
  5668 | D:5      | Found a sand-covered staircase.
  5690 | Ossuary  | Entered an ossuary
  5862 | Ossuary  | XOM: god gift: wand of iceblast (7)
  5870 | Ossuary  | XOM: give mutations
  5870 | Ossuary  | Gained mutation: You have a pair of small horns on your
                  | head. [Xom's grace]
  5870 | Ossuary  | Gained mutation: Your tail ends in a poisonous barb. [Xom's
                  | grace]
  5870 | Ossuary  | Gained mutation: Your tail ends in a sharp poisonous barb.
                  | [Xom's grace]
  5870 | Ossuary  | Gained mutation: You have a pair of horns on your head.
                  | [Xom's grace]
  6002 | Ossuary  | XOM: potion effect (haste)
  6010 | Ossuary  | HP: 2/67 [mummy (12)]
  6016 | Ossuary  | XOM: divine lightning
  6020 | Ossuary  | Reached skill level 10 in Axes
  6328 | D:5      | XOM: summons 3 friendly demons
  6339 | D:5      | Reached skill level 1 in Shields
  6366 | D:5      | XOM: give mutations
  6366 | D:5      | Gained mutation: You have sharp toenails. [Xom's grace]
  6366 | D:5      | Gained mutation: You expend magic power (3 MP) to
                  | strengthen your wands. [Xom's grace]
  6366 | D:5      | Gained mutation: Your tail ends in a wickedly sharp and
                  | poisonous barb. [Xom's grace]
  6548 | D:5      | XOM: destruction
  6640 | D:5      | Found a broken altar of Ashenzari.
  6768 | D:5      | Found a staircase to the Ecumenical Temple.
  6986 | D:4      | XOM: cloud trail
  7192 | D:4      | XOM: scenery: summon butterflies
  7238 | D:4      | XOM: divination: magic mapping
  7314 | D:4      | XOM: silly message
  7574 | D:4      | XOM: silly message
  7596 | D:5      | XOM: potion effect (curing)
  7606 | D:5      | Slain by an orc warrior

Illustrated notes

Levels and vault maps discovered:
D:1:      lightli_arrival_boilingwater, layout_loops_corners, serial_forest,
          infiniplex_forest_end_2, infiniplex_forest_straight_3,
          infiniplex_forest_clump_C, infiniplex_forest_clump_cross,
          infiniplex_forest_end_1, infiniplex_forest_clump_tiny,
          infiniplex_forest_lined_room_
D:2:      layout_rooms, fedhas_ov_isle_minmay, lemuel_altar_in_water2
D:3:      layout_loops_ring, overflow_temple_1_default, hangedman_decor_points,
          kennysheep_nondescript
D:4:      layout_basic, minmay_misc_feat_encased
D:5:      kennysheep_six_static_rooms, layout_basic,
          eat_drink_and_be_merry_uskayaw, kennysheep_mini_moat,
          minmay_temple_entry_poolview, nicolae_ossuary_entry_catacombs,
          uniq_grinder, uniq_sigmund
D:6:      layout_cave_pools, cheibrodos_sewer_entry_drain,
          kennysheep_generic_room_8, uniq_menkaure
D:7:      layout_gridville, regret_index_temple_of_mockery, elyvilon_altar_4,
          nicolae_overflow_hidden_temple, lemuel_coloured_pillars_altar

Skill      XL: |  1  2  3  4  5  6  7  8 |
---------------+-------------------------+-----
Axes           | 4 5 6 7 8 10 | 10.5
Evocations     | 2 4 |  4.0
Shields        | 2 |  2.0
Fighting       | |  3.0
Armour         | |  1.5
Dodging        | |  0.7

Action                   |  1- 3 |  4- 6 |  7- 9 || total
-------------------------+-------+-------+-------++-------
Melee: Hand axe          |   118 |    78 |       ||   196
       Tailslap          |     8 |    24 |    41 ||    73
       Whip              |       |    96 |   164 ||   260
       Scythe            |       |       |   121 ||   121
       Headbutt          |       |       |    13 ||    13
       Kick              |       |       |     8 ||     8
 Abil: Rolling Charge    |    13 |    15 |     3 ||    31
Evoke: Wand              |       |       |     2 ||     2
  Use: Potion            |     3 |     1 |     5 ||     9
       Scroll            |     1 |     8 |     5 ||    14
 Stab: Paralysed         |       |       |    10 ||    10
       Invisible         |       |       |     3 ||     3
Armor: Leather armour    |    34 |     4 |       ||    38
       Skin              |     4 |       |       ||     4
       Plate armour      |       |   179 |   206 ||   385
Dodge: Dodged            |    48 |    36 |    43 ||   127

Table legend: (Time is in decaauts)
 A = Elapsed time spent in this place.
 B = Non-inter-level travel time spent in this place.
 C = Inter-level travel time spent in this place.
 D = Time resting spent in this place.
 E = Time spent auto-exploring this place.
 F = Levels seen in this place.
 G = Mean time per level.
                   A        B        C        D        E       F      G
               +--------+--------+--------+--------+--------+-----+--------+
         Total |   7658 |   7507 |    151 |   2211 |   3798 |   9 |  850.9 |
       Dungeon |   6284 |   6133 |    151 |   1657 |   3333 |   7 |  897.7 |
         Sewer |    780 |    780 |      0 |    234 |    339 |   1 |  780.0 |
       Ossuary |    593 |    593 |      0 |    320 |    126 |   1 |  593.0 |
               +--------+--------+--------+--------+--------+-----+--------+

Top non-repeatable levels by time:
     D:4: 1387 daAuts
     D:3: 1327 daAuts
     D:5: 1314 daAuts
     D:2: 1156 daAuts
     D:1: 1048 daAuts
   Sewer: 780 daAuts
 Ossuary: 593 daAuts
     D:6: 37 daAuts
     D:7: 11 daAuts
